 Dungeon Crawl Stone Soup version 0.26.1-11-gd32895ea62 (webtiles) character file.

Game seed: 16466836700747409515

275 Bergy the Cudgeller (level 6, 0/37 HPs)
             Began as a Gargoyle Fighter on July 16, 2021.
             Killed by divine providence
             ... invoked by an orc priest
              (12 damage)
             ... on level 3 of the Dungeon.
             The game lasted 00:08:03 (3055 turns).

Bergy the Cudgeller (Gargoyle Fighter)              Turns: 3055, Time: 00:08:04

Health: 0/37       AC: 11    Str: 21    XL:     6   Next: 24%
Magic:  6/6        EV:  7    Int:  9    God:
Gold:   211        SH:  9    Dex:  9    Spells: 5/5 levels left

rFire    . . .     SeeInvis .   a - +0 flail
rCold    . . .     Faith    .   c - +0 kite shield
rNeg     + . .     Spirit   .   b - +0 scale mail
rPois    ∞         Reflect  .   (no helmet)
rElec    +         Harm     .   (no cloak)
rCorr    .         Rampage  .   (no gloves)
Will     +....                  (no boots)
Stlth    ..........             (no amulet)
HPRegen  0.12/turn              r - ring of willpower
MPRegen  0.10/turn              (no ring)

@: no status effects
A: negative energy resistance 1, electricity resistance, unbreathing,
petrification resistance, miasma immunity, AC +4
a: no special abilities


You were on level 3 of the Dungeon.
You visited 1 branch of the dungeon, and saw 4 of its levels.

You collected 211 gold pieces.

Inventory:

Hand Weapons
 a - a +0 flail (weapon)
Armour
 b - a +0 scale mail (worn)
 c - a +0 kite shield (worn)
 k - a +0 plate armour
 u - a +2 hat
Jewellery
 i - a cursed ring of attention {unknown}
 j - a +6 ring of intelligence {unknown}
 p - an uncursed ring of resist corrosion {unknown}
 r - a ring of willpower (left hand)
Wands
 q - a wand of acid (21)
Scrolls
 e - 4 scrolls of identify
 g - a scroll of fog {unknown}
 h - a scroll of remove curse {unknown}
 o - 3 scrolls of teleportation {unknown}
 t - a scroll of random uselessness {unknown}
Potions
 d - a potion of might
 f - a potion of berserk rage {unknown}
 l - 3 potions of curing {unknown}
 m - a potion of heal wounds {unknown}
 n - a potion of attraction {unknown}
 s - a potion of brilliance


   Skills:
 - Level 3.2 Fighting
 * Level 6.4 Maces & Flails
 - Level 3.2 Armour
 - Level 3.2 Shields


You had 5 spell levels left.
You didn't know any spells.
Your spell library was empty.

Dungeon Overview and Level Annotations

Branches:
Dungeon (4/15)
 Temple: D:4-7

Altars:
Fedhas
Okawaru


Innate Abilities, Weirdness & Mutations

You are resistant to torment.
Your stone body is resilient. (AC +4)
You are immune to poison.
You resist negative energy. (rN+)
You are resistant to electric shocks. (rElec)
You can survive without breathing.
You are immune to petrification.
You are immune to miasma.


Message History

The orc priest hits you but does no damage.
You block the orc's attack.
You barely miss the orc priest.
The orc priest is severely wounded.
The orc priest invokes the aid of Beogh against you.
You resist with some effort. The orc hits you with a +0 club.
You hit the orc priest.
The orc priest is severely wounded.
The orc priest hits you but does no damage.
The orc closely misses you. The orc priest closely misses you.
Your scale mail prevents you from hitting the orc priest.
The orc priest is severely wounded.
The orc hits you but does no damage.
The orc priest begins to cast a cantrip, but forgets the words!
You hit the orc priest.
The orc priest is almost dead.
The orc barely misses you.
The orc priest calls down the wrath of Beogh upon you.
Beogh smites you!
You die...

###..#.......+..# #........#
###..#.##....##.# ########.#
..^..#.##....##.# #.#
##...#.##....##.# #.#
((...####.#####.# #.#
##(#.!)...#####'## #.#
#.#.####........#### #.#
##.######......o.'..# #.#
...............o@##.# #.#
.................##.# #.#
...............#+##'######.#
...........###.............#
##..######## #.............#
......# #####.............#
##..#.# #.....#+##'######.#
#..#.####'#####.##.# #.#
#..#............##.# #.#


You could see an orc priest and an orc.

Vanquished Creatures
  A centaur (D:3)
  Terence (D:2)
  8 adders
  4 oozes
  An adder skeleton (D:4)
  5 worms (D:3)
  2 leopard geckos
  2 orcs (D:3)
  4 bats
  3 giant cockroaches
  10 goblins
  6 hobgoblins
  2 jackals (D:2)
  A kobold (D:2)
  2 ball pythons
  7 frilled lizards
  A leopard gecko skeleton (D:3)
  6 rats
66 creatures vanquished.

Notes
Turn   | Place    | Note
-------+----------+-------------------------------------------
     0 | D:1      | Bergy the Gargoyle Fighter began the quest for the Orb.
     0 | D:1      | Reached XP level 1. HP: 14/14 MP: 1/1
   136 | D:1      | Reached XP level 2. HP: 19/19 MP: 2/2
   248 | D:1      | Reached skill level 3 in Maces & Flails
   670 | D:2      | Reached XP level 3. HP: 23/23 MP: 3/3
   722 | D:2      | Found a blossoming altar of Fedhas.
   997 | D:2      | Reached skill level 4 in Maces & Flails
  1028 | D:2      | Noticed Terence
  1074 | D:2      | Killed Terence
  1075 | D:2      | Reached XP level 4. HP: 25/28 MP: 4/4
  1433 | D:2      | Reached skill level 5 in Maces & Flails
  1433 | D:2      | Reached XP level 5. HP: 27/32 MP: 5/5
  1613 | D:3      | Noticed a centaur
  1626 | D:3      | Killed a centaur
  1982 | D:3      | Reached skill level 6 in Maces & Flails
  2054 | D:3      | Reached XP level 6. HP: 35/37 MP: 6/6
  2895 | D:4      | Found an iron altar of Okawaru.
  3055 | D:3      | Killed from afar by an orc priest

Illustrated notes

Levels and vault maps discovered:
D:1:      amcnicky_arrival_choice, layout_basic, skrybe_limestone_x
D:2:      layout_basic, fedhas_ov_isle_minmay, uniq_terence
D:3:      layout_basic
D:4:      layout_gridville, lemuel_crystal_altar

Skill      XL: |  1  2  3  4  5 |
---------------+----------------+-----
Maces & Flails | 3 4 5 6 |  6.4
Fighting       | |  3.2
Armour         | |  3.2
Shields        | |  3.2

Action                   |  1- 3 |  4- 6 || total
-------------------------+-------+-------++-------
Melee: Flail             |   139 |   197 ||   336
  Use: Scroll            |       |     2 ||     2
Armor: Scale mail        |    98 |   107 ||   205
Dodge: Dodged            |    64 |    64 ||   128
Block: Kite shield       |    88 |   104 ||   192
